 Dungeon Crawl Stone Soup version 0.31-a0-233-g139696dc86 (webtiles) character file.

Game seed: 6918429514580035885

595 qw the Shooter (level 7, -5/43 HPs)
             Began as a Gargoyle Hexslinger on July 9, 2023.
             Slain by a worm (7 damage)
             ... on level 4 of the Dungeon.
             The game lasted 00:01:52 (3290 turns).

qw the Shooter (Gargoyle Hexslinger)                Turns: 3290, Time: 00:01:53

Health: -5/43      AC: 11    Str: 14    XL:     7   Next: 40%
Magic:  8/8        EV: 11    Int: 16    God:
Gold:   260        SH:  0    Dex: 20    Spells: 7/8 levels left

rFire   + . .        Y - +2 sling
rCold   . . .        (no shield)
rNeg    + . .        m - +0 ring mail {Will+}
rPois   inf          f - +0 helmet
rElec   +            (no cloak)
rCorr   +            (no gloves)
SInv    .            (no boots)
Will    +....        (no amulet)
Stlth   +            e - +6 ring of dexterity
HPRegen 0.27/turn    j - ring of the Sky {rF+ rCorr Str+3 Int+2}
MPRegen 0.11/turn

%: random rage (3%)
@: about to teleport, attractive
A: sickness immunity, AC +4, negative energy resistance 1, electricity
resistance, torment resistance 1, petrification resistance, berserk 1
a: no special abilities


You were on level 4 of the Dungeon.
You visited 1 branch of the dungeon, and saw 5 of its levels.

You collected 260 gold pieces.


Innate Abilities, Weirdness & Mutations

You are immune to sickness and miasma.
Your stone body is resilient. (AC +4)
You are immune to poison.
You resist negative energy. (rN+)
You are resistant to electric shocks. (rElec)
You are resistant to unholy torment.
You are immune to petrification.
You sometimes lose your temper in combat.


   Skills:
 - Level 4.0 Fighting
 + Level 6.9 Ranged Weapons
 - Level 1.2 Armour
 - Level 1.5 Dodging
 - Level 1.0 Spellcasting
 - Level 2.6 Hexes


You had 7 spell levels left.
You knew the following spells:

 Your Spells              Type           Power      Damage    Failure   Level
a - Slow                  Hex            36%        N/A       16%         1

Your spell library contained the following spells:

 Spells                   Type           Power      Damage    Failure   Level
 Inner Flame              Hex/Fire       5%         N/A       63%         3
 Portal Projectile        Hex/Tloc       10%        N/A       63%         3
 Cause Fear               Hex            4%         N/A       83%         4

Inventory:

Hand Weapons
 Y - a +2 sling (weapon)
Armour
 f - a +0 helmet (worn)
 m - a +0 ring mail of willpower (worn)
Jewellery
 e - a +6 ring of dexterity (left hand)
 j - the ring of the Sky (right hand) {rF+ rCorr Str+3 Int+2}
   (You found it on level 3 of the Dungeon)

   [ring of resist corrosion]

   Str:       It affects your strength (+3).
   Int:       It affects your intelligence (+2).
   rF:        It protects you from fire.
   rCorr:     It protects you from acid and corrosion.
 l - a ring of see invisible
Scrolls
 a - a scroll of identify
 b - a scroll of teleportation
Potions
 c - a potion of haste
 d - 4 potions of curing
 n - a potion of enlightenment

Dungeon Overview and Level Annotations

Branches:
Dungeon (5/15)
 Temple: D:4-7

Altars:
Ashenzari
Kikubaaqudgha
Makhleb
Nemelex Xobeh
Xom
The Shining One


Message History

The ogre shouts!
The adder hisses angrily.
The ogre is attracted toward you. The worm is attracted toward you.
The scorpion is attracted toward you. The adder is attracted toward you.
The hound is attracted toward you.
Found a long sword and a club.
There is a stone staircase leading up here.
There are monsters nearby!
Waypoint 4 assigned to D:5.
You shoot a sling bullet.
The sling bullet hits the scorpion but does no damage.
The scorpion stings you. The ogre misses you.
The hound is attracted toward you.
You shoot a sling bullet. The sling bullet hits the scorpion.
The scorpion is lightly wounded.
The adder bites you. The scorpion stings you. The worm completely misses you.
The adder closely misses you. The scorpion stings you.
3286 ||| STAIRDANCE The hound bites you.
The ogre hits you with a +0 giant club!!
The adder bites you but does no damage.
The scorpion stings you but does no damage.
The hound bites you but does no damage. The worm bites you but does no damage.
You climb upwards.
There is a stone staircase leading down here.
You shoot a sling bullet.
The sling bullet barely misses the ogre.
The adder bites you but does no damage. The hound bites you but does no damage.
The scorpion stings you. The ogre barely misses you.
You shoot a sling bullet. The sling bullet hits the ogre.
The ogre is lightly wounded.
The hound barely misses you. The adder closely misses you.
The scorpion stings you but does no damage.
The hound bites you but does no damage. The adder bites you.
The worm bites you! The ogre misses you.
The scorpion stings you but does no damage.
3290 ||| READING 2 scrolls of teleportation.
As you read the scroll of teleportation, it crumbles to dust.
You feel strangely unstable. The hound bites you.
The adder bites you but does no damage.
The scorpion stings you but does no damage.
The hound barely misses you. The worm bites you!
You die...

#...^####.....PPP.##.####....
#.............)..............
####.#...###.....P.P.#.#####...
#......!..#.........##.# ##..
#....................#.# ###
#.........#............##
#...................#...#######
####.........hs.....#...##...P#
##.....##.w@....#..#.##P....
##### #.....##..SO..##...........
....# #..................##.P....
....# #.....##..###.....######...
....###.....##..###.##.## #...
.....##.....##......##.# ####...
.....##.....##(....#...####......
.....########>.###...............
...............###....##....##...


You could see an ogre, a worm, a scorpion, a hound and an adder.

Vanquished Creatures
  A phantom (D:4)
  A water moccasin zombie (D:4)
  A bullfrog zombie (D:4)
  2 iguanas (D:4)
  An orc priest (D:4)
  Natasha (D:2)
  2 scorpion zombies (D:4)
  2 hound zombies (D:4)
  A hound skeleton (D:4)
  Robin (D:2)
  3 gnolls (D:4)
  A howler monkey zombie (D:4)
  9 adders
  2 dart slugs
  9 orcs
  9 bats
  8 endoplasms
  4 giant cockroaches
  15 goblins
  12 hobgoblins
  6 kobolds
  2 quokkas
  5 ball pythons
  5 frilled lizards
  5 rats
108 creatures vanquished.

Notes
Turn   | Place    | Note
-------+----------+-------------------------------------------
     0 | D:1      | qw the Gargoyle Hexslinger began the quest for the Orb.
     0 | D:1      | Reached XP level 1. HP: 12/12 MP: 2/2
     0 | D:1      | 0 ||| qw: Version: 0.3-a-51-g015441d
     0 | D:1      | 0 ||| qw: Game counter: 3930
     0 | D:1      | 0 ||| qw: Melee chars always use a shield: true
     0 | D:1      | 0 ||| qw: God list: Okawaru
     0 | D:1      | 0 ||| qw: Allow faded altars: false
     0 | D:1      | 0 ||| qw: Do Orc after clearing Dungeon:15 true
     0 | D:1      | 0 ||| qw: Do second Lair branch before Depths: true
     0 | D:1      | 0 ||| qw: Lair rune preference: random
     0 | D:1      | 0 ||| qw: Goals: Normal
     0 | D:1      | 0 ||| PLANNING D:1-11
   205 | D:1      | Found a faded altar of an unknown god.
   209 | D:1      | Reached XP level 2. HP: 16/16 MP: 3/3
   277 | D:1      | Reached skill level 3 in Ranged Weapons
   580 | D:1      | Reached XP level 3. HP: 21/21 MP: 4/4
   641 | D:1      | 641 ||| UPGRADING to +0 ring mail.
   651 | D:1      | 651 ||| DROPPING +0 robe.
   652 | D:1      | 652 ||| UPGRADING to +6 ring of dexterity.
   653 | D:1      | 653 ||| READING 4 scrolls labelled BUMNELIG YTEI.
   654 | D:1      | 654 ||| READING scroll labelled LOOFIODUAP.
   655 | D:1      | 655 ||| READING scroll labelled OHUSCHE SANGEHETH.
   656 | D:1      | 656 ||| READING 3 scrolls of identify.
   656 | D:1      | 656 ||| IDENTIFYING purple potion
   657 | D:1      | 657 ||| DROPPING scroll of poison.
   843 | D:2      | Noticed Robin
   855 | D:2      | Killed Robin
   856 | D:2      | Reached XP level 4. HP: 14/26 MP: 5/5
   862 | D:2      | Reached skill level 4 in Ranged Weapons
   865 | D:2      | 865 ||| FLEEEEING.
   871 | D:2      | 871 ||| FLEEEEING.
   872 | D:2      | 872 ||| FLEEEEING.
   873 | D:2      | 873 ||| FLEEEEING.
   874 | D:2      | 874 ||| FLEEEEING.
   875 | D:2      | 875 ||| FLEEEEING.
   876 | D:2      | 876 ||| FLEEEEING.
   882 | D:2      | 882 ||| FLEEEEING.
   888 | D:2      | 888 ||| FLEEEEING.
   889 | D:2      | 889 ||| FLEEEEING.
   890 | D:2      | 890 ||| FLEEEEING.
   891 | D:2      | 891 ||| FLEEEEING.
   892 | D:2      | 892 ||| FLEEEEING.
   893 | D:2      | 893 ||| FLEEEEING.
   894 | D:2      | 894 ||| FLEEEEING.
   897 | D:2      | 897 ||| FLEEEEING.
   898 | D:2      | 898 ||| FLEEEEING.
   899 | D:2      | 899 ||| FLEEEEING.
   900 | D:2      | 900 ||| FLEEEEING.
   902 | D:2      | 902 ||| FLEEEEING.
   903 | D:2      | 903 ||| FLEEEEING.
   906 | D:2      | 906 ||| FLEEEEING.
   907 | D:2      | 907 ||| FLEEEEING.
   908 | D:2      | 908 ||| STAIRDANCE
   921 | D:1      | 921 ||| UPGRADING to +0 helmet.
   926 | D:1      | 926 ||| READING scroll labelled DOAR KILOAKUYRGH.
   930 | D:1      | 930 ||| READING 2 scrolls of identify.
   930 | D:1      | 930 ||| IDENTIFYING inky potion
   931 | D:1      | 931 ||| DROPPING potion of berserk rage.
  1227 | D:2      | Reached skill level 1 in Armour
  1342 | D:2      | Noticed Natasha
  1351 | D:2      | Killed Natasha
  1352 | D:2      | Reached XP level 5. HP: 24/30 MP: 6/6
  1392 | D:2      | 1392 ||| READING scroll labelled RERUOR URUCENG.
  1549 | D:3      | Found a glowing golden altar of the Shining One.
  1554 | D:3      | Found a broken altar of Ashenzari.
  1556 | D:3      | Found a sparkling altar of Nemelex Xobeh.
  1557 | D:3      | Found a burning altar of Makhleb.
  1675 | D:3      | Identified the ring of the Sky {rF+ rCorr Str+3 Int+2}
  1853 | D:3      | Found a shimmering altar of Xom.
  2035 | D:3      | Found an ancient bone altar of Kikubaaqudgha.
  2185 | D:3      | Reached skill level 5 in Ranged Weapons
  2302 | D:3      | 2302 ||| UPGRADING to +0 ring mail of willpower.
  2312 | D:3      | 2312 ||| DROPPING +0 ring mail.
  2313 | D:3      | 2313 ||| UPGRADING to ring of the Sky {rF+ rCorr Str+3
                  | Int+2}.
  2314 | D:3      | 2314 ||| DROPPING +6 ring of intelligence.
  2315 | D:3      | 2315 ||| READING scroll labelled HYDGHY JUSU KOS.
  2316 | D:3      | 2316 ||| READING scroll labelled OWEMMI UFEYRO.
  2317 | D:3      | 2317 ||| DRINKING 2 viscous inky potions.
  2317 | D:3      | Gained mutation: You sometimes lose your temper in combat.
                  | [potion of mutation]
  2317 | D:3      | Gained mutation: You are clumsy. (Dex -2) [potion of
                  | mutation]
  2317 | D:3      | Gained mutation: Your movements are slightly less
                  | encumbered by armour. (ER -2) [potion of mutation]
  2318 | D:3      | 2318 ||| DRINKING potion of mutation.
  2318 | D:3      | Lost mutation: You are clumsy. (Dex -2) [potion of
                  | mutation]
  2318 | D:3      | Lost mutation: Your movements are slightly less encumbered
                  | by armour. (ER -2) [potion of mutation]
  2319 | D:3      | 2319 ||| READING 4 scrolls of identify.
  2319 | D:3      | 2319 ||| IDENTIFYING bubbling grey potion
  2320 | D:3      | 2320 ||| READING 3 scrolls of identify.
  2320 | D:3      | 2320 ||| IDENTIFYING golden potion
  2321 | D:3      | 2321 ||| READING 2 scrolls of identify.
  2321 | D:3      | 2321 ||| IDENTIFYING clear potion
  2322 | D:3      | 2322 ||| DROPPING potion of magic.
  2332 | D:4      | Noticed a phantom
  2342 | D:4      | Killed a phantom
  2343 | D:4      | Reached skill level 3 in Fighting
  2343 | D:4      | Reached XP level 6. HP: 35/37 MP: 7/7
  2381 | D:4      | 2381 ||| FLEEEEING.
  2388 | D:4      | 2388 ||| STAIRDANCE
  2449 | D:4      | 2449 ||| FLEEEEING.
  2450 | D:4      | 2450 ||| STAIRDANCE
  2659 | D:4      | Reached skill level 6 in Ranged Weapons
  2719 | D:4      | 2719 ||| Stepping ~*~*~tactically~*~*~ (outnumbered).
  2732 | D:4      | HP: 8/38 [orc/+0 flail (3)]
  2733 | D:4      | 2733 ||| READING 2 scrolls of teleportation.
  2733 | D:4      | HP: 1/38 [orc/+0 flail (3)]
  2736 | D:4      | Reached XP level 7. HP: 2/43 MP: 8/8
  2760 | D:4      | 2760 ||| FLEEEEING.
  2761 | D:4      | 2761 ||| FLEEEEING.
  2762 | D:4      | 2762 ||| FLEEEEING.
  2763 | D:4      | 2763 ||| FLEEEEING.
  2764 | D:4      | 2764 ||| FLEEEEING.
  2765 | D:4      | 2765 ||| FLEEEEING.
  2766 | D:4      | 2766 ||| FLEEEEING.
  2767 | D:4      | 2767 ||| FLEEEEING.
  2768 | D:4      | 2768 ||| FLEEEEING.
  2770 | D:4      | 2770 ||| FLEEEEING.
  2771 | D:4      | 2771 ||| FLEEEEING.
  2772 | D:4      | 2772 ||| FLEEEEING.
  2773 | D:4      | 2773 ||| FLEEEEING.
  2775 | D:4      | 2775 ||| STAIRDANCE
  2884 | D:3      | 2884 ||| READING scroll labelled JEPATU QIDA.
  2887 | D:4      | 2887 ||| STAIRDANCE
  3272 | D:4      | 3272 ||| READING scroll labelled IDDEAPS IH CAC.
  3273 | D:4      | 3273 ||| DRINKING 2 emerald potions.
  3274 | D:4      | 3274 ||| DROPPING potion of attraction.
  3283 | D:5      | Entered Level 5 of the Dungeon
  3286 | D:5      | 3286 ||| STAIRDANCE
  3289 | D:4      | HP: 10/43 [adder (1)]
  3289 | D:4      | HP: 3/43 [worm (7)]
  3290 | D:4      | 3290 ||| READING 2 scrolls of teleportation.
  3290 | D:4      | Slain by a worm

Levels and vault maps discovered:
D:1:      dpeg_arrival_solitude, layout_loops_ring,
          hellmonk_ecumenical_altar_crossroads, st_stairs_14
D:2:      layout_loops_cross, uniq_robin, uniq_natasha
D:3:      layout_basic, lemuel_doored_altar,
          nicolae_kikubaaqudgha_miasma_corner, mainiacjoe_overflow_alcove_3,
          chequers_avenue, minmay_statues_item
D:4:      layout_rooms, serial_undead, serial_undead_e, serial_undead_e,
          serial_undead_b, serial_undead_b
D:5:      layout_rooms, mainiacjoe_overflow_concentric_impassable,
          minmay_temple_entry_slanted, uniq_duvessa, uniq_edmund, uniq_pikel,
          uniq_crazy_yiuf_cottage, uniq_menkaure

Skill      XL: |  1  2  3  4  5  6 |
---------------+-------------------+-----
Ranged Weapons | 3 4 5 6 |  6.9
Fighting       | 2 3 4 |  4.0
Armour         | 1 |  1.2
Dodging        | |  1.5
Spellcasting   | |  1.0
Hexes          | |  2.6

Action                     |  1- 3 |  4- 6 |  7- 9 || total
---------------------------+-------+-------+-------++-------
   Fire: Sling             |   113 |   221 |    76 ||   410
    Use: Scroll            |     4 |     9 |     3 ||    16
         Potion            |       |     2 |     1 ||     3
 Armour: Robe              |     4 |       |       ||     4
         Ring mail         |    15 |   115 |    30 ||   160
  Dodge: Dodged            |    20 |   113 |    35 ||   168

Table legend:
 A = Non-vault XP
 B = Vault XP
 C = Vault XP percentage of total XP
 D = Non-vault monster count
 E = Vault monster count
 F = Vault count percentage of total count
                 A         B        C        D         E       F
            +---------+---------+-------+---------+---------+-------
      Total |     510 |     341 |  40.1 |      87 |      21 |  19.4
            +---------+---------+-------+---------+---------+-------
        D:1 |      39 |       2 |   4.9 |      23 |       2 |   8.0
        D:2 |      63 |      69 |  52.3 |      18 |      11 |  37.9
        D:3 |      71 |       0 |   0.0 |      24 |       0 |   0.0
        D:4 |     337 |     270 |  44.5 |      22 |       8 |  26.7
            +---------+---------+-------+---------+---------+-------
